 Dungeon Crawl Stone Soup version 0.25-a0-578-gc91f01c39c (webtiles) character file.

Game seed: 14403675151220201506, levelgen mode: deterministic

112 An17 the Sneak (level 4, -1/24 HPs)
             Began as a Vampire Enchanter on Mar 3, 2020.
             Slain by Robin
             ... wielding a +0 falchion
              (2 damage)
             ... on level 2 of the Dungeon.
             The game lasted 00:06:37 (1617 turns).

An17 the Sneak (Vampire Enchanter)                  Turns: 1617, Time: 00:06:38

Health: -1/24      AC:  6    Str:  7    XL:     4   Next: 64%
Magic:  7/7        EV: 13    Int: 17    God:
Gold:   74         SH:  0    Dex: 15    Spells: 1/7 levels left

rFire    x . .     SeeInvis +   a - +1 dagger
rCold    + + +     Gourm    .   (no shield)
rNeg     + + +     Faith    .   b - +0 robe
rPois    ∞         Spirit   .   h - +0 helmet
rElec    .         Reflect  .   i - +0 cloak
rCorr    .         Harm     .   (no gloves)
MR       .....                  d - +1 pair of boots
Stlth    +++++.....             (no amulet)
HPRegen  0.00/turn              e - ring of ice
MPRegen  0.10/turn              (no ring)

@: bloodless
A: no food, fangs 3, see invisible, unbreathing
a: Bat Form, Revivify


You were on level 2 of the Dungeon.
You were bloodless.

You visited 1 branch of the dungeon, and saw 2 of its levels.

You collected 74 gold pieces.

Inventory:

Hand Weapons
 a - a +1 dagger (weapon)
Armour
 b - a +0 robe (worn)
 d - a +1 pair of boots (worn)
 h - a +0 helmet (worn)
 i - a +0 cloak (worn)
Jewellery
 e - a ring of ice (left hand)
Scrolls
 f - a scroll of remove curse
Potions
 c - a potion of cancellation
 g - 4 potions of curing
 j - 2 potions of mutation {unknown}


   Skills:
 + Level 2.1 Short Blades
 + Level 2.6 Dodging
 + Level 6.5 Stealth
 + Level 2.3 Spellcasting
 + Level 5.0 Hexes
 + Level 0.9 Ice Magic


You had one spell level left.
You knew the following spells:

 Your Spells              Type           Power        Failure   Level  Hunger
a - Corona                Hex            ###....      2%          1    N/A
b - Ensorcelled Hibernat  Hex/Ice        ###...       9%          2    N/A
c - Confusing Touch       Hex            ###.....     7%          3    N/A

Your spell library contained the following spells:

 Spells                   Type           Power        Failure   Level  Hunger
 Tukima's Dance           Hex            ###.....     7%          3    N/A
 Dazzling Flash           Conj/Hex       ##....       21%         3    N/A

Dungeon Overview and Level Annotations

Branches:
Dungeon (2/15)

Altars:
The Shining One

Annotations:
D:2 Robin


Innate Abilities, Weirdness & Mutations

You do not eat.
You do not regenerate when monsters are visible.
You are frail without blood (-20% HP).
You can heal yourself when you bite living creatures.
You are immune to poison.
You have razor-sharp teeth.
You have supernaturally acute eyesight. (SInv)
You can survive without breathing.


Message History

The stone hits you.
* * * LOW HITPOINT WARNING * * *
Robin throws the goblin at you!
You see here a stone.
You hit the goblin but do no damage.
The goblin unwields a +0 hunting sling.
The goblin hits you.
* * * LOW HITPOINT WARNING * * *
You closely miss the goblin. Robin closely misses you.
You closely miss the goblin.
The goblin no longer looks unusually strong.
Robin closely misses you. The goblin misses you.
Robin hits you with a +0 falchion.
* * * LOW HITPOINT WARNING * * *
You hit the goblin.
The goblin is moderately wounded.
The goblin no longer looks unusually strong.
The goblin barely misses you.
Robin flexes a bicep menacingly.
Robin hits you with a +0 falchion.
You die...

####
##...###..........##
.######
#####8...###..........##
.......
#...#.....##......######
...###
#._..).....#......# #
.>.# #...#......##.#+###
#..# #####8....###.#.#
#..# ##...####.#.# #..#
#.g.###....# #..#
##@..##....####### #..#
#g.###..........# #..# #
##..###..........##
#..###.##
#....##..........#.
#.......#
##g.####..........#.
#.......# ##g.(.#
##'###.....'. .....#.##
##.(.(## #.# #...###.
#.#....# #..(.##
#.###...#### #.##.#..#
##.....# #...........


You could see Robin, a hobgoblin and 2 goblins.

Vanquished Creatures
  4 adders (D:2)
  2 oozes (D:2)
  3 dart slugs (D:1)
  A leopard gecko (D:2)
  2 giant cockroaches (D:1)
  15 goblins
  10 hobgoblins
  3 bats
  3 frilled lizards
  7 kobolds
  7 rats
57 creatures vanquished.

Notes
Turn   | Place    | Note
-------+----------+-------------------------------------------
     0 | D:1      | An17 the Vampire Enchanter began the quest for the Orb.
     0 | D:1      | Reached XP level 1. HP: 13/13 MP: 3/3
    90 | D:1      | Reached XP level 2. HP: 19/19 MP: 3/5
    94 | D:1      | Learned a level 2 spell: Ensorcelled Hibernation
   106 | D:1      | Reached skill level 5 in Stealth
   340 | D:1      | Reached XP level 3. HP: 15/19 MP: 6/6
   369 | D:1      | Learned a level 3 spell: Confusing Touch
   902 | D:2      | Reached skill level 6 in Stealth
   989 | D:2      | Reached XP level 4. HP: 24/24 MP: 4/7
  1419 | D:2      | Found a glowing golden altar of the Shining One.
  1437 | D:2      | Noticed Robin
  1488 | D:2      | Reached skill level 5 in Hexes
  1616 | D:2      | HP: 1/24 [Robin/+0 falchion (2)]
  1617 | D:2      | Slain by Robin

Levels and vault maps discovered:
D:1:      minmay_arrival_solitary_statue, layout_loops_ring, serial_aquarium,
          aquarium_bridge_square [aquarium_subvault_bridge,
          aquarium_subvault_wall, aquarium_subvault_balcony,
          aquarium_subvault_wall], aquarium_window_corner, aquarium_window_1,
          aquarium_window_fake, aquarium_window_1, aquarium_view_4,
          aquarium_view_2b, aquarium_balcony_3a, minmay_pentomino_w2
D:2:      layout_basic, nicolae_tso_carved_into_rock, first_ration,
          minmay_strange_pillars, uniq_robin

Skill      XL: |  1  2  3  4 |
---------------+-------------+-----
Stealth        | 5 6 |  6.5
Short Blades   | 2 |  2.1
Hexes          | 5 |  5.0
Dodging        | |  2.6
Spellcasting   | |  2.3
Ice Magic      | |  0.9

Action                   |  1- 3 |  4- 6 || total
-------------------------+-------+-------++-------
Melee: Dagger            |    82 |    55 ||   137
       Bite              |     8 |     1 ||     9
 Cast: Corona            |     1 |       ||     1
       Ensorcelled Hiber |     9 |    11 ||    20
 Abil: Exsanguinate      |     1 |       ||     1
  Use: Scroll            |     5 |     2 ||     7
 Stab: Sleeping          |    23 |    16 ||    39
       Distracted        |     1 |       ||     1
Armor: Robe              |     8 |    17 ||    25
Dodge: Dodged            |    33 |    43 ||    76

Table legend:
 A = Non-vault XP
 B = Vault XP
 C = Vault XP percentage of total XP
 D = Non-vault monster count
 E = Vault monster count
 F = Vault count percentage of total count
                 A         B        C        D         E       F
            +---------+---------+-------+---------+---------+-------
      Total |     145 |      16 |   9.9 |      48 |       9 |  15.8
            +---------+---------+-------+---------+---------+-------
        D:1 |      54 |       2 |   3.6 |      27 |       2 |   6.9
        D:2 |      91 |      14 |  13.3 |      21 |       7 |  25.0
            +---------+---------+-------+---------+---------+-------
